 Dungeon Crawl Stone Soup version 0.27.0-66-gdc8fb28755 (webtiles) character file.

Game seed: 15522411703774206025

19882 loralnil the Covert (level 12, -4/56 HPs)
             Began as a Spriggan Enchanter on Aug 20, 2021.
             Was a Priest of Dithmenos.
             Killed from afar by a wretched star (11 damage)
             ... with a lance of force
             ... on level 3 of the Abyss.
             The game lasted 00:38:12 (14581 turns).

loralnil the Covert (Spriggan Enchanter)           Turns: 14581, Time: 00:38:13

Health: -4/56      AC:  6    Str:  5    XL:     12   Next: 40%
Magic:  25/27      EV: 27    Int: 26    God:    Dithmenos [***...]
Gold:   404        SH:  0    Dex: 21    Spells: 14/31 levels left

rFire    + . .     SeeInvis +   A - +6 short sword "Yluthug" {vorpal, Dex+2}
rCold    + . .     Faith    .   (shield restricted)
rNeg     . . .     Spirit   .   K - +1 robe of Vycedd {+Blink rElec Dex+3}
rPois    +         Reflect  .   (helmet restricted)
rElec    +         Harm     .   o - +2 cloak
rCorr    .         Rampage  .   (gloves unavailable)
Will     +....                  (boots unavailable)
Stlth    ++++++++..             d - amulet of regeneration
HPRegen  0.00/turn              L - ring of Quog {+Blink rPois rF+ Will- Int+6}
MPRegen  0.20/turn              D - ring of protection from cold

@: confusing by touch, inhibited regen, wreathed by umbra, very quick
A: very small, no large weapons, unfitting armour, see invisible, speed 3,
[inhibited regeneration]
a: Renounce Religion, Evoke Blink, Shadow Step


You were on level 3 of the Abyss.
You worshipped Dithmenos.
Dithmenos was most pleased with you.
You visited 3 branches of the dungeon, and saw 15 of its levels.
You visited the Abyss 1 time.
You also visited: Sewer and Volcano.

You collected 1394 gold pieces.
You spent 990 gold pieces at shops.

Inventory:

Hand Weapons
 p - a +1 dagger of draining
 A - the +6 short sword "Yluthug" (weapon) {vorpal, Dex+2}
   (You bought it in a shop on level 6 of the Dungeon)

   It inflicts extra damage upon your enemies.
   Dex:       It affects your dexterity (+2).
Missiles
 n - 4 throwing nets
Armour
 o - a +2 cloak (worn)
 K - the +1 robe of Vycedd (worn) {+Blink rElec Dex+3}
   (You bought it in a shop on level 10 of the Dungeon)

   Dex:       It affects your dexterity (+3).
   rElec:     It insulates you from electricity.
   +Blink:    It lets you blink.
Jewellery
 d - an amulet of regeneration (around neck)
 l - a ring of willpower
 D - a ring of protection from cold (right hand)
 L - the ring of Quog (left hand) {+Blink rPois rF+ Will- Int+6}
   (You acquired it on level 10 of the Dungeon)

   [ring of protection from fire]

   Int:       It affects your intelligence (+6).
   rF:        It protects you from fire.
   rPois:     It protects you from poison.
   +Blink:    It lets you blink.
   Will:      It decreases your willpower.
Wands
 g - a wand of polymorph (10)
 i - a wand of digging (2)
 m - a wand of mindburst (10)
Scrolls
 s - 3 scrolls of fear {unknown}
 w - 4 scrolls of teleportation
 y - 2 scrolls of brand weapon {unknown}
 z - 3 scrolls of fog
 C - a scroll of holy word {unknown}
 E - a scroll of torment {unknown}
 F - a scroll of amnesia {unknown}
 G - 2 scrolls of noise {unknown}
 H - a scroll of enchant armour
Potions
 a - 6 potions of mutation
 b - a potion of resistance
 c - 2 potions of flight
 e - 2 potions of invisibility
 f - 3 potions of lignification
 h - 3 potions of ambrosia
 j - 8 potions of curing
 k - 3 potions of brilliance
 q - 2 potions of cancellation
 r - 3 potions of might
 t - a potion of magic {unknown}
 u - 5 potions of heal wounds
 v - 3 potions of haste
 B - a potion of attraction {unknown}
Miscellaneous
 x - a piece from Xom's chessboard (15/15)


   Skills:
 + Level 2.7 Fighting
 + Level 9.8 Short Blades
 + Level 11.6 Dodging
 + Level 13.6 Stealth
 - Level 10.0 Spellcasting
 + Level 9.9 Hexes
 + Level 5.1 Ice Magic
 + Level 5.1 Invocations


You had 14 spell levels left.
You knew the following spells:

 Your Spells              Type           Power      Damage    Failure   Level
a - Corona                Hex            65%        N/A       1%          1
b - Ensorcelled Hibernat  Hex/Ice        100%       N/A       1%          2
c - Confusing Touch       Hex            59%        N/A       1%          3
d - Dazzling Flash        Conj/Hex       76%        N/A       1%          3
e - Tukima's Dance        Hex            59%        N/A       1%          3
f - Yara's Violent Unrav  Hex/Tmut       19%        3d9       17%         5

Your spell library contained the following spells:

 Spells                   Type           Power      Damage    Failure   Level
 Portal Projectile        Hex/Tloc       76%        N/A       1%          3
 Beastly Appendage        Tmut           26%        N/A       4%          1
 Magic Dart               Conj           52%        1d5       4%          1
 Fulminant Prism          Conj/Hex       19%        3d11      6%          4
 Call Imp                 Summ           13%        N/A       7%          2
 Searing Ray              Conj           26%        3d4       7%          2
 Static Discharge         Conj/Air       13%        N/A       7%          2
 Wereblood                Tmut           13%        N/A       7%          2
 Ignite Poison            Fire/Tmut/Pois 13%        N/A       14%         3
 Mephitic Cloud           Conj/Pois/Air  13%        N/A       14%         3
 Spider Form              Tmut/Pois      6%         N/A       14%         3
 Stone Arrow              Conj/Erth      26%        3d8       14%         3
 Animate Armour           Summ/Erth      26%        N/A       41%         4
 Passage of Golubria      Tloc           N/A        N/A       41%         4
 Blade Hands              Tmut           6%         N/A       77%         5
 Bolt of Magma            Conj/Fire/Erth 6%         4d6       77%         5
 Excruciating Wounds      Necr           6%         N/A       77%         5
 Lightning Bolt           Conj/Air       6%         1d18      77%         5
 Shadow Creatures         Summ           N/A        N/A       100%        6
 Lehudib's Crystal Spear  Conj/Erth      6%         10d3      100%        8
 Maxwell's Capacitive Co  Air            6%         ∞         100%        8


Dungeon Overview and Level Annotations

Branches:
Dungeon (11/15)            Temple (1/1) D:6            Lair (3/6) D:9
  Snake (0/4) Lair:3        Sewer (visited)         Volcano (visited)
  Swamp: Lair:2-4    Shoals: Lair:2-4       Orc: D:9-12

Altars:
Ashenzari
Cheibriados
Dithmenos
Elyvilon
Fedhas
Gozag
Hepliaklqana
Kikubaaqudgha
Makhleb
Nemelex Xobeh
Okawaru
Qazlal
Ru
Sif Muna
Trog
Uskayaw
Vehumet
Wu Jian
Xom
Yredelemnul
Zin
The Shining One

Shops:
D:6 (   D:10 =[!!*

Portals:
Abyss: D:7

Annotations:
D:7 2 transporters, Donbassman's ghost, novice GnBe


Innate Abilities, Weirdness & Mutations

You are very small and have problems with some larger weapons.
You are too small for most types of armour.
You have supernaturally acute eyesight. (SInv)
You cover ground extremely quickly. (Speed+++)
[You do not regenerate when monsters are visible.]


Message History

A thrashing horror comes into view.
There is a gateway leading deeper into the Abyss here.
You plunge deeper into the Abyss.
The abyssal rune of Zot can be found at this depth.
Found a corrupted altar of Lugonu.
There is a corrupted altar of Lugonu here.
Found 25 gold pieces.
Found 9 gold pieces.
You now have 339 gold pieces (gained 25).
You now have 348 gold pieces (gained 9).
Found 56 gold pieces.
You now have 404 gold pieces (gained 56).
A wretched star comes into view.
Casting: Ensorcelled Hibernation (safe; 1% risk of failure)
Confirm with . or Enter, or press ? or * to list all spells.
You can't see any susceptible monsters within range! (Use Z to cast anyway.)
Casting: Ensorcelled Hibernation (safe; 1% risk of failure)
Confirm with . or Enter, or press ? or * to list all spells.
Your hands begin to glow red.
The wretched star pulses with an eldritch light!
Your regeneration stops near monsters.
You hit the wretched star but do no damage.
You hit the wretched star but do no damage.
You hit the wretched star but do no damage.
The wretched star glows turbulently.
The lance of force hits you!!
Ouch! That really hurt!
You emit a cloud of dark smoke.
You are knocked back by the lance of force.
You slam into the rock wall!
The wretched star glows turbulently.
The lance of force hits you!
* * * LOW HITPOINT WARNING * * *
You are knocked back by the lance of force.
You slam into the rock wall!
* * * LOW HITPOINT WARNING * * *
You completely miss the wretched star.
The wretched star glows turbulently.
The lance of force hits you!
You die...

#..# ##..##..
####.#.. ..# #
##. ##.##.# # ..
#.#.## .....#
##.#........#.#.#
...# .. .# # #
#.§###§#..#
..#§§§§# # .
#.#@#### # #*§#
.#.# .. .. .##
... #. #.## # .#
#.


You could see a wretched star.

Vanquished Creatures
  2 boulder beetles
  The ghost of SeagullWaffle the Transmogrifier, a journeyman OpTm of Gozag (D:10)
  A centaur warrior (D:10)
  Pikel (D:8)
  3 wizards (Volcano)
  An oklob plant (Lair:1)
  2 toenail golems (Volcano)
  A black mamba (Lair:2)
  A rime drake (Lair:2)
  5 cane toads
  2 komodo dragons
  3 blink frogs (Lair:1)
  23 yaks
  2 basilisks
  3 wyverns
  4 steam dragons
  Menkaure (D:7)
  3 acid dragons
  2 nagas (Lair:3)
  11 water moccasins
  A black bear (D:7)
  4 sky beasts
  3 orc warriors
  A hornet zombie (D:7)
  A necrophage (D:6)
  4 ogres
  7 centaurs
  3 lemures (D:8)
  4 phantoms
  2 kobold brigands
  Blork the orc (D:5)
  6 bullfrogs
  A gnoll sergeant (D:7)
  3 scorpions
  10 killer bees
  5 wights (D:8)
  5 howler monkeys
  A bullfrog zombie (D:6)
  2 centaur zombies
  2 orc priests
  2 jellies
  2 hounds
  3 bullfrog skeletons
  A gnoll shaman (D:6)
  2 iguanas
  11 orc wizards
  A howler monkey zombie (D:6)
  14 gnolls
  7 adders
  A howler monkey skeleton (D:5)
  A shadow imp (D:8)
  2 white imps
  An ufetubus (D:4)
  3 worms
  7 dart slugs
  38 orcs
  8 endoplasms
  7 giant cockroaches
  7 goblins
  7 hobgoblins
  20 kobolds
  7 quokkas (D:4)
  7 ball pythons
  12 bats
  A frilled lizard (Sewer)
  9 rats
319 creatures vanquished.

Vanquished Creatures (others)
  A fungus (Lair:2)
  22 plants
23 creatures vanquished.

Grand Total: 342 creatures vanquished

Notes
Turn   | Place    | Note
-------+----------+-------------------------------------------
     0 | D:1      | loralnil the Spriggan Enchanter began the quest for the
                  | Orb.
     0 | D:1      | Reached XP level 1. HP: 9/9 MP: 5/5
   211 | D:1      | Reached XP level 2. HP: 11/13 MP: 4/6
   214 | D:1      | Learned a level 2 spell: Ensorcelled Hibernation
  1075 | D:2      | Found a blossoming altar of Fedhas.
  1178 | D:2      | Reached XP level 3. HP: 16/16 MP: 8/8
  1182 | D:2      | Learned a level 3 spell: Confusing Touch
  1731 | D:2      | Identified a scroll of acquirement
  1731 | D:2      | Acquired 618 gold pieces
  1921 | D:2      | Reached skill level 5 in Stealth
  2219 | D:3      | Reached XP level 4. HP: 21/21 MP: 2/9
  2962 | D:3      | Reached skill level 1 in Ice Magic
  3120 | D:3      | Reached XP level 5. HP: 24/24 MP: 7/11
  3618 | D:4      | Noticed an ogre
  3626 | D:4      | Killed an ogre
  3627 | D:4      | Reached XP level 6. HP: 28/28 MP: 7/13
  3729 | D:4      | Reached skill level 6 in Stealth
  3756 | D:4      | Reached skill level 5 in Hexes
  3790 | D:4      | Found a glowing drain.
  3805 | Sewer    | Entered a sewer
  4464 | D:4      | Reached XP level 7. HP: 32/32 MP: 11/14
  4769 | D:4      | Reached skill level 5 in Dodging
  4963 | D:4      | Reached skill level 5 in Spellcasting
  4986 | D:4      | Learned a level 3 spell: Dazzling Flash
  5026 | D:4      | Reached skill level 7 in Stealth
  5312 | D:5      | Entered Level 5 of the Dungeon
  5348 | D:5      | Noticed Blork the orc
  5352 | D:5      | Killed Blork the orc
  5364 | D:5      | Reached XP level 8. HP: 36/36 MP: 8/17
  5605 | D:5      | Reached skill level 8 in Stealth
  6001 | D:5      | Reached skill level 5 in Short Blades
  6493 | D:6      | Reached skill level 9 in Stealth
  6536 | D:6      | Found a staircase to the Ecumenical Temple.
  6544 | D:6      | Reached XP level 9. HP: 36/39 MP: 14/20
  6679 | D:6      | Noticed a rust devil
  7030 | Temple   | Entered the Ecumenical Temple
  7151 | Temple   | Became a worshipper of Dithmenos the Shadowed
  7220 | D:6      | Noticed an angel
  7263 | D:6      | Found Zontoon's Antique Weapon Boutique.
  7281 | D:6      | Bought a crystal short sword for 240 gold pieces
  7281 | D:6      | Identified the +6 short sword "Yluthug" {vorpal, Dex+2}
                  | (You bought it in a shop on level 6 of the Dungeon)
  7548 | D:6      | Learned a level 3 spell: Tukima's Dance
  7931 | D:7      | Reached skill level 10 in Stealth
  8018 | D:7      | Found a hide-covered altar of Uskayaw.
  8064 | D:7      | Found a one-way gate to the infinite horrors of the Abyss.
  8064 | D:7      | Noticed Donbassman's ghost (novice GnBe)
  8067 | D:7      | Found a transporter.
  8217 | D:7      | Reached * piety under Dithmenos
  8791 | D:7      | Reached XP level 10. HP: 38/44 MP: 18/23
  8869 | D:7      | Noticed Menkaure
  8876 | D:7      | Killed Menkaure
  9207 | D:7      | Found a transporter.
  9443 | D:8      | Reached skill level 11 in Stealth
  9542 | D:8      | Reached ** piety under Dithmenos
 10149 | D:8      | Noticed Pikel
 10158 | D:8      | Killed Pikel
 11105 | D:9      | Found a staircase to the Lair.
 11484 | D:10     | Entered Level 10 of the Dungeon
 11511 | D:10     | Found Xatafull's Armour Shoppe.
 11538 | D:10     | Reached skill level 1 in Invocations
 11586 | D:10     | Bought the +1 robe of Vycedd {+Blink rElec Dex+3} for 396
                  | gold pieces
 11618 | D:10     | Found Archock's Jewellery Shop.
 11716 | D:10     | Noticed a centaur warrior
 11717 | D:10     | Killed a centaur warrior
 11718 | D:10     | Reached skill level 10 in Dodging
 11731 | D:10     | Found a runed translucent door.
 11731 | D:10     | Noticed SeagullWaffle's ghost (journeyman OpTm)
 11746 | D:10     | Found Lianifuf's Distillery.
 11754 | D:10     | Bought a potion of heal wounds for 55 gold pieces
 11754 | D:10     | Bought a potion of curing for 33 gold pieces
 11754 | D:10     | Bought a potion of brilliance for 44 gold pieces
 11754 | D:10     | Bought a potion of resistance for 110 gold pieces
 11798 | D:10     | Reached XP level 11. HP: 47/47 MP: 20/25
 11800 | D:10     | Reached skill level 12 in Stealth
 11812 | D:10     | Found Wuetwits's Assorted Antiques.
 11814 | D:10     | Acquired the ring of Quog {+Blink rPois rF+ Will- Int+6}
 11874 | D:10     | Bought a scroll of identify for 56 gold pieces
 11874 | D:10     | Bought a scroll of identify for 56 gold pieces
 11963 | D:10     | Found Face Wek's Distillery.
 12192 | D:10     | Killed SeagullWaffle's ghost
 12261 | D:11     | Noticed a boulder beetle
 12265 | D:11     | Killed a boulder beetle
 12265 | D:11     | Reached *** piety under Dithmenos
 12275 | D:11     | Noticed a green ugly thing
 12369 | Lair:1   | Entered Level 1 of the Lair of Beasts
 12451 | Lair:1   | Found a basalt altar of Yredelemnul.
 12452 | Lair:1   | Noticed an oklob plant
 12472 | Lair:1   | Killed an oklob plant
 12740 | Lair:1   | Reached skill level 10 in Spellcasting
 12888 | Lair:1   | Learned a level 5 spell: Yara's Violent Unravelling
 13375 | Lair:2   | Reached skill level 1 in Fighting
 13554 | Lair:2   | Reached skill level 13 in Stealth
 13827 | Lair:2   | Reached XP level 12. HP: 54/54 MP: 24/27
 13911 | Lair:2   | Reached **** piety under Dithmenos
 14132 | Lair:3   | Found a staircase to the Snake Pit.
 14294 | Lair:3   | Noticed a boulder beetle
 14301 | Lair:3   | Killed a boulder beetle
 14402 | Lair:3   | Found a dark tunnel.
 14414 | Volcano  | Entered a volcano
 14420 | Volcano  | Reached skill level 5 in Ice Magic
 14440 | Volcano  | Reached skill level 5 in Invocations
 14474 | Volcano  | Cast into level 2 of the Abyss (a wizard)
 14474 | Abyss:2  | Found a shadowy altar of Dithmenos.
 14515 | Abyss:3  | Found a corrupted altar of Lugonu.
 14581 | Abyss:3  | Killed from afar by a wretched star

Illustrated notes

Levels and vault maps discovered:
D:1:      dpeg_arrival_round_b, layout_rooms, serial_rivers,
          chequers_serial_rivers_micro_c, chequers_serial_rivers_micro_a,
          chequers_serial_rivers_room_b, chequers_serial_rivers_micro_b,
          chequers_serial_rivers_room_a, chequers_serial_rivers_micro_d,
          minmay_cupped
D:2:      layout_loops_corners, basic_altar
D:3:      layout_basic, serial_bayou, serial_bayou_shore_b,
          serial_bayou_shore_b, serial_bayou_crossing, serial_bayou_pond_b
D:4:      minmay_door_path, layout_basic, gup_sewer_entry_pipe
D:5:      layout_loops_cross, uniq_blork_the_orc
D:6:      layout_basic, temple_garden, serial_shops, shop_coins, st_stairs_13
D:7:      layout_layer_cave, eat_drink_and_be_merry_uskayaw,
          gammafunk_ghost_abyssal_escape, mrwooster_statue_mirror,
          nicolae_water_bricks, hangedman_misty_isle, uniq_menkaure
D:8:      layout_loops_corners, kennysheep_diamond, lemuel_flame_loot_1,
          uniq_pikel
D:9:      layout_basic, lair_entry_dummy, grunt_decor_clamped
D:10:     layout_loops_ring, serial_shops, shop, shop, nicolae_stop_n_shop_1,
          kennysheep_little_box, shop, hellmonk_ghost_happy_afterlife
D:11:     lemuel_bear_cage, layout_irregular_city, gammafunk_ghost_cemetery,
          minmay_misc_feat_x, minmay_mirror_moons_of_madness
Temple:   kilobyte_greek_temple
Lair:1:   layout_chaotic_city, lemuel_oklob_altar
Lair:2:   layout_loops_ring, wad_woods_river_03
Lair:3:   layout_long_grid, minmay_swamp_entry_worms,
          minmay_snake_entry_guardpost_small, enter_volcano_2,
          beast_lair_carwin_1
Abyss:3:  base: D:5, base: D:8, evilmike_abyss_exit_12, evilmike_abyss_exit_10,
          minivault_23
Volcano:  volcano_bunker

Skill      XL: |  1  2  3  4  5  6  7  8  9 10 11 12 |
---------------+-------------------------------------+-----
Dodging        | 3 4 5 7 8 10 11 | 11.6
Spellcasting   | 3 4 5 6 8 9 10 | 10.0
Hexes          | 4 5 6 7 8 9 |  9.9
Stealth        | 5 6 7 9 10 11 13 | 13.6
Short Blades   | 2 3 4 5 7 8 9 |  9.8
Ice Magic      | 1 2 3 4 5 |  5.1
Invocations    | 1 4 5 |  5.1
Fighting       | 1 2 |  2.7

Action                   |  1- 3 |  4- 6 |  7- 9 | 10-12 || total
-------------------------+-------+-------+-------+-------++-------
Melee: Dagger            |   114 |   144 |   143 |       ||   401
       Short sword       |       |       |    67 |   204 ||   271
 Cast: Corona            |    17 |     1 |       |       ||    18
       Ensorcelled Hiber |    24 |    55 |   116 |    89 ||   284
       Confusing Touch   |       |     2 |    10 |     8 ||    20
Invok: Shadow Step       |       |       |       |     1 ||     1
Evoke: Piece from Xom's  |       |       |       |     2 ||     2
  Use: Scroll            |     4 |     3 |     2 |     9 ||    18
 Stab: Sleeping          |    25 |    42 |    81 |    89 ||   237
       Confused          |       |     3 |    11 |     6 ||    20
       Distracted        |       |       |       |     2 ||     2
Armor: Robe              |    11 |    40 |    35 |    16 ||   102
Dodge: Dodged            |    89 |   125 |   215 |   150 ||   579
